TOP OF THE 1ST |
Portland Privateers batting - Pitching for Chattanooga Chinpokomon : RHP Mike Horton
|
Pitching: RHP Mike Horton
|
|
Batting: RHB Luis Pineda
|
0-0: Ball 1-0: Foul Ball, location: 2F 1-1: Foul Ball, location: 2F 1-2: Strikes out swinging
|
Batting: RHB Joe Bailey
|
0-0: Ball 1-0: Ball 2-0: Called Strike 2-1: Ball 3-1: SINGLE (Line Drive, 56D)
|
Batting: LHB Carter Sweet
|
0-0: Fly out, F2 (Popup, 23)
|
Batting: SHB Eric Pimentel
|
0-0: Called Strike 0-1: Ball 1-1: Ball 2-1: Ball 3-1: Foul Ball, location: 2F 3-2: Strikes out swinging
|
Top of the 1st over - 0 run(s), 1 hit(s), 0 error(s), 1 left on base; Portland 0 - Chattanooga 0 |
BOTTOM OF THE 1ST |
Chattanooga Chinpokomon batting - Pitching for Portland Privateers : RHP Héctor Negrón
|
Pitching: RHP Héctor Negrón
|
|
Batting: LHB Mario Cornelo
|
0-0: Ball 1-0: Swinging Strike 1-1: SINGLE (Groundball, 34) (infield hit)
|
Batting: RHB Luis Maldonado
|
0-0: Ball 1-0: Called Strike 1-1: Ball 2-1: Grounds into double play, 4-6-3 (Groundball, 4)
|
Batting: RHB Pat Fernández
|
0-0: Called Strike 0-1: Foul Ball, location: 2F 0-2: Strikes out swinging, 2-3 out at first.
|
Bottom of the 1st over - 0 run(s), 1 hit(s), 0 error(s), 0 left on base; Portland 0 - Chattanooga 0 |
TOP OF THE 2ND |
Portland Privateers batting - Pitching for Chattanooga Chinpokomon : RHP Mike Horton
|
Batting: LHB Jeff Dorney
|
0-0: Ball 1-0: Ball 2-0: Ground out 1-3 (Groundball, 13)
|
Batting: RHB José Balina
|
0-0: Ball 1-0: Foul Ball, location: 2F 1-1: Foul Ball, location: 2F 1-2: Foul Ball, location: 2F 1-2: Foul Ball, location: 2F 1-2: Strikes out looking
|
Batting: RHB Ramiro Gámez
|
0-0: Ball 1-0: Swinging Strike 1-1: Ball 2-1: Ball 3-1: Called Strike 3-2: Strikes out swinging
|
Top of the 2nd over - 0 run(s), 0 hit(s), 0 error(s), 0 left on base; Portland 0 - Chattanooga 0 |
BOTTOM OF THE 2ND |
Chattanooga Chinpokomon batting - Pitching for Portland Privateers : RHP Héctor Negrón
|
Batting: RHB Jesús Tisnado
|
0-0: Hit by Pitch
|
Batting: RHB Casey Fox
|
0-0: Ball 1-0: Fly out, F4 (Line Drive, 4D)
|
Batting: RHB Ramiro Chávez
|
0-0: Ground out 6-3 (Groundball, 6MS) Jesús Tisnado to second
|
Batting: RHB Jim Beck
|
0-0: Ball 1-0: Ball 2-0: Ball 3-0: Called Strike 3-1: Swinging Strike 3-2: Strikes out swinging
|
Bottom of the 2nd over - 0 run(s), 0 hit(s), 0 error(s), 1 left on base; Portland 0 - Chattanooga 0 |
TOP OF THE 3RD |
Portland Privateers batting - Pitching for Chattanooga Chinpokomon : RHP Mike Horton
|
Batting: RHB Edward Holloway
|
0-0: Ball 1-0: Ball 2-0: Ball 3-0: Base on Balls
|
Batting: RHB Dave Nelson
|
0-0: Ball 1-0: Called Strike 1-1: SINGLE (Groundball, 6MD) Edward Holloway to second
|
Batting: RHB Luis Pineda
|
0-0: Ball 1-0: Foul Ball, location: 2F 1-1: Ball 2-1: Fly out, F9 (Flyball, 9LS)
|
Batting: RHB Joe Bailey
|
0-0: Fly out, F8 (Flyball, 8RM)
|
Batting: LHB Carter Sweet
|
0-0: Ball 1-0: Ball 2-0: Fielders Choice at 2nd, 4-6 (Groundball, 4)
|
Top of the 3rd over - 0 run(s), 1 hit(s), 0 error(s), 1 left on base; Portland 0 - Chattanooga 0 |
BOTTOM OF THE 3RD |
Chattanooga Chinpokomon batting - Pitching for Portland Privateers : RHP Héctor Negrón
|
Batting: LHB Martin Davis
|
0-0: Ball 1-0: Swinging Strike 1-1: Called Strike 1-2: Foul Ball, location: 2F 1-2: Strikes out swinging
|
Batting: RHB Kyung-bok Cho
|
0-0: Called Strike 0-1: Ball 1-1: Ball 2-1: Called Strike 2-2: Fly out, F8 (Flyball, 8LM)
|
Batting: LHB Mario Cornelo
|
0-0: SINGLE (Flyball, 8RS)
|
Batting: RHB Luis Maldonado
|
0-0: Ball 1-0: Ball 2-0: Foul Ball, location: 2F 2-1: SINGLE (Flyball, 6MD) Mario Cornelo to second Runner from 2nd tries for 3rd, SAFE, no throw
|
Batting: RHB Pat Fernández
|
0-0: Ball 1-0: Ball 2-0: Called Strike 2-1: SINGLE (Line Drive, 6) Mario Cornelo scores Luis Maldonado to second
|
Batting: RHB Jesús Tisnado
|
0-0: Called Strike 0-1: Ball 1-1: Foul Ball, location: 2F 1-2: Strikes out swinging
|
Bottom of the 3rd over - 1 run(s), 3 hit(s), 0 error(s), 2 left on base; Portland 0 - Chattanooga 1 |
TOP OF THE 4TH |
Portland Privateers batting - Pitching for Chattanooga Chinpokomon : RHP Mike Horton
|
Batting: SHB Eric Pimentel
|
0-0: Fly out, F7 (Flyball, 78XD)
|
Batting: LHB Jeff Dorney
|
0-0: Ball 1-0: Swinging Strike 1-1: Called Strike 1-2: Ball 2-2: Strikes out swinging
|
Batting: RHB José Balina
|
0-0: Ball 1-0: Called Strike 1-1: Ball 2-1: Ball 3-1: Base on Balls
|
Batting: RHB Ramiro Gámez
|
0-0: Called Strike 0-1: Foul Ball, location: 2F 0-2: Ball 1-2: Ball 2-2: Foul Ball, location: 2F 2-2: Foul Ball, location: 2F 2-2: Ball José Balina steals 2nd base 3-2: Base on Balls
|
Batting: RHB Edward Holloway
|
0-0: Ball 1-0: Ball 2-0: Ball 3-0: Base on Balls José Balina to third Ramiro Gámez to second
|
Batting: RHB Dave Nelson
|
0-0: Ball 1-0: Ball 2-0: Called Strike 2-1: Ball 3-1: SINGLE (Groundball, 6D) José Balina scores Ramiro Gámez to third Edward Holloway to second Runner from 3rd tries for Home, SAFE, no throw
|
Batting: RHB Luis Pineda
|
0-0: Ball 1-0: Foul Ball, location: 2F 1-1: Foul Ball, location: 2F 1-2: Ground out U3 (Groundball, 3S)
|
Top of the 4th over - 2 run(s), 1 hit(s), 0 error(s), 2 left on base; Portland 2 - Chattanooga 1 |
BOTTOM OF THE 4TH |
Chattanooga Chinpokomon batting - Pitching for Portland Privateers : RHP Héctor Negrón
|
Batting: RHB Casey Fox
|
0-0: SINGLE (Line Drive, 6MD)
|
Batting: RHB Ramiro Chávez
|
0-0: Called Strike 0-1: Ball 1-1: Ball 2-1: Foul Ball, location: 2F 2-2: SINGLE (Line Drive, 7S) Casey Fox to second
|
Batting: RHB Jim Beck
|
0-0: Ball 1-0: Fly out, F8 (Flyball, 8RXD) Runner from 2nd tags up, SAFE at 3rd, no throw
|
Batting: LHB Martin Davis
|
0-0: Foul Ball, location: 2F Pickoff Throw to First - Out! 0-1: Called Strike 0-2: Foul Ball, location: 2F 0-2: Ball 1-2: Foul Ball, location: 2F 1-2: Ball 2-2: Ground out 5-3 (Groundball, 5S)
|
Bottom of the 4th over - 0 run(s), 2 hit(s), 0 error(s), 1 left on base; Portland 2 - Chattanooga 1 |
TOP OF THE 5TH |
Portland Privateers batting - Pitching for Chattanooga Chinpokomon : RHP Mike Horton
|
Batting: RHB Joe Bailey
|
0-0: Fly out, F9 (Flyball, 9LS)
|
Batting: LHB Carter Sweet
|
0-0: Called Strike 0-1: Foul Ball, location: 2F 0-2: Ball 1-2: Ball 2-2: Ball 3-2: Foul Ball, location: 2F 3-2: Ground out U3 (Groundball, 34)
|
Batting: SHB Eric Pimentel
|
0-0: Ball 1-0: Foul Ball, location: 2F 1-1: Called Strike 1-2: Foul Ball, location: 2F 1-2: Ball 2-2: Strikes out swinging
|
Top of the 5th over - 0 run(s), 0 hit(s), 0 error(s), 0 left on base; Portland 2 - Chattanooga 1 |
BOTTOM OF THE 5TH |
Chattanooga Chinpokomon batting - Pitching for Portland Privateers : RHP Héctor Negrón
|
Batting: RHB Kyung-bok Cho
|
0-0: Ball 1-0: Bunt for hit - play at first, batter OUT! 1-3
|
Batting: LHB Mario Cornelo
|
0-0: SINGLE (Flyball, 9LM)
|
Pitching: RHP Carlos Molina
|
|
Batting: RHB Luis Maldonado
|
0-0: Ball 1-0: Foul Ball, location: 2F 1-1: Foul Ball, location: 2F 1-2: Foul Ball, location: 2F 1-2: Ball 2-2: Ball 3-2: Base on Balls Mario Cornelo to second
|
Batting: RHB Pat Fernández
|
0-0: Ball 1-0: Ball Mario Cornelo steals 3rd base Luis Maldonado to second 2-0: 3-RUN HOME RUN (Flyball, 78XD), Distance : 397 ft
|
Batting: RHB Jesús Tisnado
|
0-0: Foul Ball, location: 2F 0-1: Called Strike 0-2: Foul Ball, location: 2F 0-2: Ball 1-2: Foul Ball, location: 2F 1-2: Foul Ball, location: 2F 1-2: Foul Ball, location: 2F 1-2: Ball 2-2: Ball 3-2: Fly out, F5 (Popup, 5L)
|
Batting: RHB Casey Fox
|
0-0: Ball 1-0: Foul Ball, location: 2F 1-1: Ball 2-1: Ball 3-1: Foul Ball, location: 2F 3-2: Base on Balls
|
Batting: RHB Ramiro Chávez
|
0-0: Called Strike 0-1: Called Strike 0-2: Ball 1-2: Ball 2-2: Foul Ball, location: 2F 2-2: Fly out, F3 (Popup, 3S)
|
Bottom of the 5th over - 3 run(s), 2 hit(s), 0 error(s), 1 left on base; Portland 2 - Chattanooga 4 |
TOP OF THE 6TH |
Portland Privateers batting - Pitching for Chattanooga Chinpokomon : RHP Mike Horton
|
Batting: LHB Jeff Dorney
|
0-0: Fly out, F9 (Line Drive, 9D)
|
Batting: RHB José Balina
|
0-0: Ground out 5-3 (Groundball, 56S)
|
Batting: RHB Ramiro Gámez
|
0-0: Fly out, F9 (Flyball, 9LM)
|
Top of the 6th over - 0 run(s), 0 hit(s), 0 error(s), 0 left on base; Portland 2 - Chattanooga 4 |
Tuesday, August 8th, 2017 - OOTP Baseball 17.12 Build 75
|
|